 Dungeon Crawl Stone Soup version 0.31.0 (webtiles) character file.

Game seed: 8801401600563130559

77 qw the Shooter (level 4, -4/28 HPs)
             Began as a Gargoyle Hunter on Jan 19, 2024.
             Slain by a gnoll
             ... wielding a +0 halberd
              (7 damage)
             ... on level 3 of the Dungeon.
             The game lasted 00:00:09 (1954 turns).

qw the Shooter (Gargoyle Hunter)                    Turns: 1954, Time: 00:00:10

Health: -4/28      AC:  6    Str: 14    XL:     4   Next: 34%
Magic:  4/4        EV: 11    Int: 10    God:
Gold:   74         SH:  0    Dex: 15    Spells: 3/3 levels left

rFire   . . .        a - +0 shortbow
rCold   . . .        (shield currently unavailable)
rNeg    + . .        c - +0 leather armour
rPois   inf          (no helmet)
rElec   +            (no cloak)
rCorr   .            (no gloves)
SInv    .            (no boots)
Will    .....        (no amulet)
Stlth   ++           (no ring)
HPRegen 0.24/turn    (no ring)
MPRegen 0.09/turn

%: no passive effects
@: about to teleport
A: sickness immunity, AC +3, negative energy resistance 1, electricity
resistance, torment resistance 1, petrification resistance
a: no special abilities


You were on level 3 of the Dungeon.
You visited 1 branch of the dungeon, and saw 3 of its levels.

You collected 74 gold pieces.


Innate Abilities, Weirdness & Mutations

You are immune to sickness and miasma.
Your stone body is resilient. (AC +3)
You are immune to poison.
You resist negative energy. (rN+)
You are resistant to electric shocks. (rElec)
You are resistant to unholy torment.
You are immune to petrification.


   Skills:
 - Level 3.0 Fighting
 + Level 5.4 Ranged Weapons
 - Level 1.5 Dodging
 - Level 1.1 Stealth


You had 3 spell levels left.
You didn't know any spells.
Your spell library was empty.

Inventory:

Hand Weapons
 a - a +0 shortbow (weapon)
Armour
 c - a +0 leather armour (worn)
Jewellery
 b - a ring of ice
Wands
 h - a wand of flame (15)
Scrolls
 g - 2 scrolls of teleportation
Potions
 d - a potion of curing
 e - a potion of resistance {unknown}
 f - a potion of ambrosia {unknown}
 i - a potion of mutation {unknown}
 j - a potion of berserk rage {unknown}

Dungeon Overview and Level Annotations

Branches:
Dungeon (3/15)

Altars:


Message History

You shoot an arrow. The arrow hits the gnoll!
The gnoll is severely wounded.
The gnoll closely misses you. The gnoll barely misses you.
The gnoll hits you but does no damage.
The gnoll hits you from afar with a +0 halberd.
You shoot an arrow. The arrow hits the gnoll.
You kill the gnoll!
The gnoll closely misses you.
You shoot an arrow. The arrow completely misses the gnoll.
The gnoll barely misses you.
You shoot an arrow. The arrow hits the gnoll.
The gnoll is lightly wounded.
The gnoll hits you but does no damage.
You shoot an arrow. The arrow hits the gnoll.
The gnoll is heavily wounded.
The gnoll barely misses you.
You shoot an arrow. The arrow barely misses the gnoll.
The gnoll closely misses you.
You shoot an arrow. The arrow barely misses the gnoll.
The gnoll barely misses you.
You shoot an arrow.
The arrow hits the gnoll but does no damage.
The gnoll is heavily wounded.
The gnoll completely misses you.
The gnoll hits you from afar with a +0 halberd.
You shoot an arrow.
The arrow hits the gnoll but does no damage.
The gnoll is moderately wounded.
The gnoll hits you from afar with a +0 halberd!
Ouch! That really hurt!
1952 ||| READING 3 scrolls of teleportation.
As you read the scroll of teleportation, it crumbles to dust.
You feel strangely unstable. The gnoll hits you but does no damage.
You shoot an arrow. The arrow closely misses the gnoll.
The gnoll closely misses you.
You shoot an arrow. The arrow hits the gnoll.
The gnoll is severely wounded.
The gnoll hits you from afar with a +0 halberd!
You die...

###.##.#### #.#...#.##.#
## ###.##.# #.#...#.#...
..).##.# #.......##.#
.#####.### ###...######
.#####.##.. ##.##
...)...##... #.#
.########...######.######
.# .......#........####
<# g......#@#.#.....>..
.# ..g....#).......###.
## #.g..g.g..#.....#
#....###.....##.# #..
#.......#.# # #.......# #
#.......# #.......#
#.......#


You could see a gnoll.

Vanquished Creatures
  A gnoll (D:3)
  3 dart slugs
  3 ribbon worms
  4 orcs
  3 endoplasms
  A giant cockroach (D:2)
  5 goblins
  5 hobgoblins (D:1)
  3 jackals (D:3)
  A kobold (D:2)
  2 quokkas
  4 ball pythons
  6 bats
  4 frilled lizards
  2 rats
47 creatures vanquished.

Notes
Turn   | Place    | Note
-------+----------+-------------------------------------------
     0 | D:1      | qw the Gargoyle Hunter began the quest for the Orb.
     0 | D:1      | Reached XP level 1. HP: 12/12 MP: 1/1
     0 | D:1      | 0 ||| qw: Version: 0.3-a-132-g3d54051
     0 | D:1      | 0 ||| qw: Game counter: 135
     0 | D:1      | 0 ||| qw: Melee chars always use a shield: true
     0 | D:1      | 0 ||| qw: God list: Okawaru
     0 | D:1      | 0 ||| qw: Allow faded altars: false
     0 | D:1      | 0 ||| qw: Do Orc after clearing Dungeon:15 true
     0 | D:1      | 0 ||| qw: Do second Lair branch before Depths: true
     0 | D:1      | 0 ||| qw: Lair rune preference: random
     0 | D:1      | 0 ||| qw: Goals: Normal
     0 | D:1      | 0 ||| PLANNING D:1-11
   155 | D:1      | Reached XP level 2. HP: 17/17 MP: 2/2
   807 | D:1      | 807 ||| READING scroll labelled XUUTUOCS NOCA.
   808 | D:1      | 808 ||| READING scroll labelled PUADUKL SOESO.
   812 | D:1      | 812 ||| READING scroll labelled YTOITO AZAXTO.
   813 | D:1      | 813 ||| DRINKING 2 ruby potions.
   814 | D:1      | 814 ||| DROPPING scroll of butterflies.
   887 | D:2      | 887 ||| FLEEEEING.
   905 | D:2      | Reached XP level 3. HP: 21/21 MP: 3/3
   951 | D:2      | Reached skill level 5 in Ranged Weapons
  1103 | D:2      | 1103 ||| FLEEEEING.
  1104 | D:2      | 1104 ||| FLEEEEING.
  1294 | D:2      | 1294 ||| READING scroll labelled ZUMIAPIFYI.
  1294 | D:2      | 1294 ||| IDENTIFYING fuming sapphire potion
  1295 | D:2      | 1295 ||| READING scroll labelled ANONTI ECUOJOT.
  1295 | D:2      | 1295 ||| ENCHANTING +0 shortbow.
  1296 | D:2      | 1296 ||| DROPPING potion of attraction.
  1605 | D:3      | Reached skill level 3 in Fighting
  1622 | D:3      | 1622 ||| FLEEEEING.
  1655 | D:3      | 1655 ||| FLEEEEING.
  1658 | D:3      | 1658 ||| FLEEEEING.
  1659 | D:3      | 1659 ||| FLEEEEING.
  1660 | D:3      | 1660 ||| FLEEEEING.
  1661 | D:3      | 1661 ||| FLEEEEING.
  1662 | D:3      | 1662 ||| FLEEEEING.
  1663 | D:3      | 1663 ||| FLEEEEING.
  1664 | D:3      | 1664 ||| FLEEEEING.
  1665 | D:3      | 1665 ||| FLEEEEING.
  1666 | D:3      | 1666 ||| FLEEEEING.
  1667 | D:3      | 1667 ||| FLEEEEING.
  1668 | D:3      | 1668 ||| FLEEEEING.
  1669 | D:3      | 1669 ||| FLEEEEING.
  1670 | D:3      | 1670 ||| FLEEEEING.
  1671 | D:3      | 1671 ||| FLEEEEING.
  1672 | D:3      | 1672 ||| FLEEEEING.
  1673 | D:3      | 1673 ||| FLEEEEING.
  1674 | D:3      | 1674 ||| FLEEEEING.
  1675 | D:3      | 1675 ||| FLEEEEING.
  1685 | D:3      | 1685 ||| FLEEEEING.
  1686 | D:3      | 1686 ||| STAIRDANCE
  1703 | D:3      | 1703 ||| STAIRDANCE
  1710 | D:2      | Reached XP level 4. HP: 28/28 MP: 4/4
  1713 | D:3      | 1713 ||| STAIRDANCE
  1719 | D:2      | HP: 7/28 [orc/puff of flame (7)]
  1720 | D:2      | 1720 ||| READING 4 scrolls of teleportation.
  1721 | D:2      | HP: 3/28 [orc/puff of flame (4)]
  1724 | D:2      | 1724 ||| FLEEEEING.
  1937 | D:3      | 1937 ||| RETREEEEATING.
  1938 | D:3      | 1938 ||| RETREEEEATING.
  1940 | D:3      | 1940 ||| RETREEEEATING.
  1951 | D:3      | HP: 2/28 [gnoll/+0 halberd (15)]
  1952 | D:3      | 1952 ||| READING 3 scrolls of teleportation.
  1954 | D:3      | Slain by a gnoll

Levels and vault maps discovered:
D:1:      dpeg_arrival_solitude, layout_basic
D:2:      layout_basic
D:3:      layout_loops_cross

Skill      XL: |  1  2  3 |
---------------+----------+-----
Ranged Weapons | 5 |  5.4
Fighting       | 3 |  3.0
Dodging        | |  1.5
Stealth        | |  1.1

Action                     |  1- 3 |  4- 6 || total
---------------------------+-------+-------++-------
   Fire: Shortbow          |   145 |    33 ||   178
    Use: Scroll            |     5 |     2 ||     7
         Potion            |     1 |       ||     1
 Armour: Leather armour    |    37 |    17 ||    54
  Dodge: Dodged            |    43 |    13 ||    56

Table legend:
 A = Non-vault XP
 B = Vault XP
 C = Vault XP percentage of total XP
 D = Non-vault monster count
 E = Vault monster count
 F = Vault count percentage of total count
                 A         B        C        D         E       F
            +---------+---------+-------+---------+---------+-------
      Total |     111 |       0 |   0.0 |      47 |       0 |   0.0
            +---------+---------+-------+---------+---------+-------
        D:1 |      26 |       0 |   0.0 |      13 |       0 |   0.0
        D:2 |      32 |       0 |   0.0 |      14 |       0 |   0.0
        D:3 |      53 |       0 |   0.0 |      20 |       0 |   0.0
            +---------+---------+-------+---------+---------+-------
